TOP OF THE 1ST |
Montgomery Biscuits batting - Pitching for Corpus Christi Hooks : RHP Arturo Vargas
|
Pitching: RHP Arturo Vargas
|
|
Batting: LHB Darryl Gonnella
|
0-0: Foul Ball, location: 2F 0-1: Called Strike 0-2: SINGLE (Line Drive, 78M, EV 105.6 MPH)
|
Batting: RHB Chris Thorson
|
0-0: Ball 1-0: Ball 2-0: Ball 3-0: Called Strike 3-1: Foul Ball, location: 2F 3-2: Strikes out swinging
|
Batting: SHB Joey Pacheco
|
0-0: Ball Darryl Gonnella steals 2nd base 1-0: SINGLE (Line Drive, 78S, EV 100.0 MPH) Darryl Gonnella to third Runner from 3rd tries for Home, SAFE, throw by LF to home
|
Batting: RHB Alex Diaz
|
0-0: Foul Ball, location: 2F 0-1: Swinging Strike 0-2: Ball 1-2: Ball 2-2: Ball 3-2: SINGLE (Groundball, 4MD, EV 95.0 MPH) Joey Pacheco to second
|
Batting: LHB Eric Toney
|
0-0: Foul Ball, location: 2F 0-1: Fielders Choice at 2nd, 5-4 (Groundball, 5, EV 83.1 MPH) Joey Pacheco to third
|
Batting: RHB James Huddleston
|
0-0: Called Strike 0-1: Called Strike 0-2: Ball 1-2: Ball 2-2: SINGLE (Groundball, 34, EV 98.8 MPH) Joey Pacheco scores Eric Toney to second Runner from 2nd tries for 3rd, SAFE, throw by RF made at trailing runner, OUT! 9-6
|
Top of the 1st over - 2 runs, 4 hits, 0 errors, 1 left on base; Montgomery 2 - Corpus Christi 0 |
BOTTOM OF THE 1ST |
Corpus Christi Hooks batting - Pitching for Montgomery Biscuits : LHP Frank Rodriguez
|
Pitching: LHP Frank Rodriguez
|
|
Batting: RHB Ben Hoffman
|
0-0: Ball 1-0: Called Strike 1-1: Foul Ball, location: 2F 1-2: Foul Ball, location: 2F 1-2: Ground out 4-3 (Groundball, 4S, EV 87.5 MPH)
|
Batting: LHB Bob Dietz
|
0-0: Called Strike 0-1: Called Strike 0-2: Ball 1-2: Ball 2-2: Strikes out looking
|
Batting: RHB Mark Cahill
|
0-0: Foul Ball, location: 2F 0-1: Ball 1-1: Ball 2-1: Swinging Strike 2-2: Strikes out looking
|
Bottom of the 1st over - 0 runs, 0 hits, 0 errors, 0 left on base; Montgomery 2 - Corpus Christi 0 |
TOP OF THE 2ND |
Montgomery Biscuits batting - Pitching for Corpus Christi Hooks : RHP Arturo Vargas
|
Batting: SHB Julio Hernandez
|
0-0: Ball 1-0: Swinging Strike 1-1: Ball 2-1: Foul Ball, location: 2F 2-2: Ball 3-2: Ground out 3-1 (Groundball, 34, EV 82.5 MPH)
|
Batting: LHB Danny Hull
|
0-0: Swinging Strike 0-1: Ball 1-1: Foul Ball, location: 2F 1-2: Strikes out looking
|
Batting: RHB Roberto Aispuro
|
0-0: Ball 1-0: Ball 2-0: Foul Ball, location: 2F 2-1: DOUBLE (Groundball, 3L, EV 106.9 MPH)
|
Batting: LHB Darryl Gonnella
|
0-0: Ball 1-0: Ball 2-0: Called Strike 2-1: Swinging Strike 2-2: Ground out 5-3 (Groundball, 5, EV 95.0 MPH)
|
Top of the 2nd over - 0 runs, 1 hit, 0 errors, 1 left on base; Montgomery 2 - Corpus Christi 0 |
BOTTOM OF THE 2ND |
Corpus Christi Hooks batting - Pitching for Montgomery Biscuits : LHP Frank Rodriguez
|
Batting: RHB Bruce Bermudez
|
0-0: Called Strike 0-1: Ball 1-1: Called Strike 1-2: Ball 2-2: Ball 3-2: Foul Ball, location: 2F 3-2: Foul Ball, location: 2F 3-2: Foul Ball, location: 2F 3-2: Strikes out swinging
|
Batting: LHB Mark Dearth
|
0-0: Foul Ball, location: 2F 0-1: DOUBLE (Line Drive, 7LM, EV 109.4 MPH)
|
Batting: LHB Josh Corkery
|
0-0: Fly out, F7 (Flyball, 7, EV 85.6 MPH)
|
Batting: RHB Workneh Lagat
|
0-0: Foul Ball, location: 2F 0-1: Ground out 3-1 (Groundball, 34, EV 107.5 MPH)
|
Bottom of the 2nd over - 0 runs, 1 hit, 0 errors, 1 left on base; Montgomery 2 - Corpus Christi 0 |
TOP OF THE 3RD |
Montgomery Biscuits batting - Pitching for Corpus Christi Hooks : RHP Arturo Vargas
|
Batting: RHB Chris Thorson
|
0-0: Fly out, F6 (Line Drive, 6MD, EV 71.9 MPH)
|
Batting: SHB Joey Pacheco
|
0-0: Called Strike 0-1: Foul Ball, location: 2F 0-2: Ball 1-2: Ball 2-2: Strikes out swinging
|
Batting: RHB Alex Diaz
|
0-0: Ball 1-0: Swinging Strike 1-1: SINGLE (Groundball, 25, EV 64.4 MPH) (infield hit)
|
Batting: LHB Eric Toney
|
0-0: Called Strike 0-1: Ball 1-1: Foul Ball, location: 2F 1-2: Ball 2-2: Fly out, F7 (Flyball, 7LSF, EV 81.9 MPH)
|
Top of the 3rd over - 0 runs, 1 hit, 0 errors, 1 left on base; Montgomery 2 - Corpus Christi 0 |
BOTTOM OF THE 3RD |
Corpus Christi Hooks batting - Pitching for Montgomery Biscuits : LHP Frank Rodriguez
|
Batting: LHB Chris Cabrera
|
0-0: Ball 1-0: Called Strike 1-1: Swinging Strike 1-2: Ground out 6-3 (Groundball, 6, EV 78.8 MPH)
|
Batting: RHB Ben Minge
|
0-0: Called Strike 0-1: SINGLE (Groundball, 56D, EV 103.8 MPH)
|
Batting: RHB Ben Hoffman
|
0-0: Called Strike 0-1: Called Strike 0-2: Grounds into double play, 6-4-3 (Groundball, 6, EV 86.2 MPH)
|
Bottom of the 3rd over - 0 runs, 1 hit, 0 errors, 0 left on base; Montgomery 2 - Corpus Christi 0 |
TOP OF THE 4TH |
Montgomery Biscuits batting - Pitching for Corpus Christi Hooks : RHP Arturo Vargas
|
Batting: RHB James Huddleston
|
0-0: Called Strike 0-1: Foul Ball, location: 2F 0-2: Ball 1-2: SOLO HOME RUN (Flyball, 7D, EV 100.6 MPH), Distance : 404 ft
|
Batting: SHB Julio Hernandez
|
0-0: Ball 1-0: Fly out, F7 (Line Drive, 78D, EV 90.0 MPH)
|
Batting: LHB Danny Hull
|
0-0: Foul Ball, location: 2F 0-1: Ball 1-1: Ball 2-1: Fly out, F3 (Line Drive, 3, EV 76.2 MPH)
|
Batting: RHB Roberto Aispuro
|
0-0: Ball 1-0: Foul Ball, location: 2F 1-1: SINGLE (Line Drive, 34, EV 100.0 MPH)
|
Batting: LHB Darryl Gonnella
|
0-0: Called Strike Roberto Aispuro steals 2nd, throwing error, E2 Roberto Aispuro to third 0-1: Foul Ball, location: 2F 0-2: Fly out, F8 (Flyball, 89M, EV 91.2 MPH)
|
Top of the 4th over - 1 run, 2 hits, 1 error, 1 left on base; Montgomery 3 - Corpus Christi 0 |
BOTTOM OF THE 4TH |
Corpus Christi Hooks batting - Pitching for Montgomery Biscuits : LHP Frank Rodriguez
|
Batting: LHB Bob Dietz
|
0-0: Ball 1-0: TRIPLE (Groundball, 3L, EV 101.2 MPH)
|
Batting: RHB Mark Cahill
|
0-0: Foul Ball, location: 2F 0-1: Fly out, F7 (Flyball, 7D, EV 106.2 MPH) Runner from 3rd tags up, SCORES, no throw by LF
|
Batting: RHB Bruce Bermudez
|
0-0: Foul Ball, location: 2F 0-1: Ball 1-1: Foul Ball, location: 2F 1-2: SINGLE (Groundball, 6MD, EV 101.2 MPH)
|
Batting: LHB Mark Dearth
|
0-0: Foul Ball, location: 2F 0-1: Ball 1-1: Fly out, F7 (Line Drive, 7S, EV 96.9 MPH)
|
Batting: LHB Josh Corkery
|
0-0: Ball 1-0: Foul Ball, location: 2F 1-1: Ball 2-1: Foul Ball, location: 2F 2-2: Strikes out swinging
|
Bottom of the 4th over - 1 run, 2 hits, 0 errors, 1 left on base; Montgomery 3 - Corpus Christi 1 |
TOP OF THE 5TH |
Montgomery Biscuits batting - Pitching for Corpus Christi Hooks : RHP Arturo Vargas
|
Batting: RHB Chris Thorson
|
0-0: Called Strike 0-1: Swinging Strike 0-2: Strikes out looking
|
Batting: SHB Joey Pacheco
|
0-0: Called Strike 0-1: Ball 1-1: Foul Ball, location: 2F 1-2: Strikes out swinging
|
Batting: RHB Alex Diaz
|
0-0: Called Strike 0-1: SOLO HOME RUN (Flyball, 78XD, EV 107.5 MPH), Distance : 416 ft
|
Batting: LHB Eric Toney
|
0-0: Ball 1-0: Foul Ball, location: 2F 1-1: Ball 2-1: Ball 3-1: Fly out, F8 (Flyball, 8LM, EV 87.5 MPH)
|
Top of the 5th over - 1 run, 1 hit, 0 errors, 0 left on base; Montgomery 4 - Corpus Christi 1 |
BOTTOM OF THE 5TH |
Corpus Christi Hooks batting - Pitching for Montgomery Biscuits : LHP Frank Rodriguez
|
Batting: RHB Workneh Lagat
|
0-0: Foul Ball, location: 2F 0-1: Ball 1-1: Ball 2-1: Foul Ball, location: 2F 2-2: Ground out 6-3 (Groundball, 6, EV 80.0 MPH)
|
Batting: LHB Chris Cabrera
|
0-0: Ball 1-0: DOUBLE (Flyball, 8RXD, EV 101.9 MPH)
|
Batting: RHB Ben Minge
|
0-0: Ball 1-0: Ball 2-0: Called Strike 2-1: Ball 3-1: SINGLE (Line Drive, 6D, EV 110.0 MPH) Chris Cabrera to third Runner from 3rd tries for Home, throw by CF and OUT! 8-2
|
Batting: RHB Ben Hoffman
|
0-0: Ground out 4-3 (Groundball, 4D, EV 109.4 MPH)
|
Bottom of the 5th over - 0 runs, 2 hits, 0 errors, 1 left on base; Montgomery 4 - Corpus Christi 1 |
TOP OF THE 6TH |
Montgomery Biscuits batting - Pitching for Corpus Christi Hooks : RHP Arturo Vargas
|
Batting: RHB James Huddleston
|
0-0: Called Strike 0-1: Foul Ball, location: 2F 0-2: Foul Ball, location: 2F 0-2: Foul Ball, location: 2F 0-2: Ball 1-2: Ball 2-2: Ground out 4-3 (Groundball, 4, EV 89.4 MPH)
|
Batting: SHB Julio Hernandez
|
0-0: Ball 1-0: Ball 2-0: Ball 3-0: Called Strike 3-1: Ground out 3-1 (Groundball, 34S, EV 88.1 MPH)
|
Batting: LHB Danny Hull
|
0-0: Foul Ball, location: 2F 0-1: Ground out 6-3 (Groundball, 56, EV 105.0 MPH)
|
Top of the 6th over - 0 runs, 0 hits, 0 errors, 0 left on base; Montgomery 4 - Corpus Christi 1 |
BOTTOM OF THE 6TH |
Corpus Christi Hooks batting - Pitching for Montgomery Biscuits : LHP Frank Rodriguez
|
Batting: LHB Bob Dietz
|
0-0: Ball 1-0: Foul Ball, location: 2F 1-1: Ball 2-1: Foul Ball, location: 2F 2-2: Foul Ball, location: 2F 2-2: Fly out, F9 (Flyball, 9, EV 83.1 MPH)
|
Batting: RHB Mark Cahill
|
0-0: Swinging Strike 0-1: Ball 1-1: Ball 2-1: Ball 3-1: Swinging Strike 3-2: Base on Balls
|
Batting: RHB Bruce Bermudez
|
0-0: Ball 1-0: Ball 2-0: Called Strike 2-1: Fly out, F7 (Flyball, 7, EV 93.8 MPH)
|
Batting: LHB Mark Dearth
|
0-0: Fly out, F8 (Flyball, 8LD, EV 106.2 MPH)
|
Bottom of the 6th over - 0 runs, 0 hits, 0 errors, 1 left on base; Montgomery 4 - Corpus Christi 1 |
TOP OF THE 7TH |
Montgomery Biscuits batting - Pitching for Corpus Christi Hooks : RHP Arturo Vargas
|
Pitching: RHP Tommy Cunningham
|
|
Batting: RHB Roberto Aispuro
|
0-0: Ball 1-0: Called Strike 1-1: Ball 2-1: Fly out, F7 (Line Drive, 78S, EV 85.0 MPH)
|
Batting: LHB Darryl Gonnella
|
0-0: Ball 1-0: Called Strike 1-1: Hit by Pitch
|
Batting: RHB Chris Thorson
|
0-0: Ball 1-0: Called Strike 1-1: Fly out, F7 (Flyball, 7, EV 96.2 MPH)
|
Batting: SHB Joey Pacheco
|
0-0: SINGLE (Flyball, 78S, EV 91.2 MPH) Darryl Gonnella to second
|
Batting: RHB Alex Diaz
|
0-0: Ball 1-0: Foul Ball, location: 2F 1-1: Called Strike 1-2: Strikes out swinging
|
Top of the 7th over - 0 runs, 1 hit, 0 errors, 2 left on base; Montgomery 4 - Corpus Christi 1 |
BOTTOM OF THE 7TH |
Corpus Christi Hooks batting - Pitching for Montgomery Biscuits : LHP Frank Rodriguez
|
Pinch Hitting: RHB Sam Spohn
|
0-0: Swinging Strike 0-1: SINGLE (Groundball, 6D, EV 100.0 MPH)
|
Batting: RHB Workneh Lagat
|
0-0: Called Strike 0-1: Called Strike 0-2: DOUBLE (Groundball, 5L, EV 110.0 MPH) Sam Spohn to third Runner from 3rd tries for Home, SAFE, no throw by LF
|
Batting: RHB Masaru Konno
|
0-0: Called Strike 0-1: Ball 1-1: Ball 2-1: Ground out U3 (Groundball, 34S, EV 87.5 MPH) Workneh Lagat to third
|
Batting: RHB Ben Minge
|
0-0: Called Strike 0-1: Ball 1-1: Ball 2-1: Ground out 6-3 (Groundball, 6M, EV 91.9 MPH) Workneh Lagat scores
|
Batting: RHB Ben Hoffman
|
0-0: Ball 1-0: Ball 2-0: Foul Ball, location: 2F 2-1: Foul Ball, location: 2F 2-2: Foul Ball, location: 2F 2-2: Foul Ball, location: 2F 2-2: Strikes out swinging
|
Bottom of the 7th over - 2 runs, 2 hits, 0 errors, 0 left on base; Montgomery 4 - Corpus Christi 3 |
TOP OF THE 8TH |
Montgomery Biscuits batting - Pitching for Corpus Christi Hooks : RHP Tommy Cunningham
|
Now at 1B: Sam Spohn
|
|
Now at SS: Mark Cahill
|
|
Batting: LHB Eric Toney
|
0-0: Ball 1-0: Ball 2-0: Swinging Strike 2-1: Ball 3-1: Base on Balls
|
Batting: RHB James Huddleston
|
0-0: Bunt missed! 0-1: Bunt - Flyout to 25! F5
|
Batting: SHB Julio Hernandez
|
0-0: Ball 1-0: Called Strike 1-1: Swinging Strike 1-2: Strikes out swinging
|
Batting: LHB Danny Hull
|
0-0: Called Strike 0-1: Called Strike Eric Toney steals 2nd base 0-2: Ball 1-2: Strikes out looking
|
Top of the 8th over - 0 runs, 0 hits, 0 errors, 1 left on base; Montgomery 4 - Corpus Christi 3 |
BOTTOM OF THE 8TH |
Corpus Christi Hooks batting - Pitching for Montgomery Biscuits : LHP Frank Rodriguez
|
Pitching: LHP Brian Kelly
|
|
Batting: LHB Bob Dietz
|
0-0: Ball 1-0: Ground out 6-3 (Groundball, 6MS, EV 76.9 MPH)
|
Batting: RHB Mark Cahill
|
0-0: Called Strike 0-1: Foul Ball, location: 2F 0-2: Ball 1-2: SINGLE (Popup, 3D, EV 66.9 MPH)
|
Batting: RHB Bruce Bermudez
|
0-0: Called Strike 0-1: Swinging Strike 0-2: Foul Ball, location: 2F 0-2: Strikes out looking
|
Batting: LHB Mark Dearth
|
0-0: Ball 1-0: Called Strike 1-1: Ball 2-1: Foul Ball, location: 2F 2-2: Foul Ball, location: 2F 2-2: Ball 3-2: Foul Ball, location: 2F 3-2: Base on Balls Mark Cahill to second
|
Batting: RHB Sam Spohn
|
0-0: Ball 1-0: Ball 2-0: Foul Ball, location: 2F 2-1: Ball 3-1: Foul Ball, location: 2F 3-2: Base on Balls Mark Cahill to third Mark Dearth to second
|
Batting: RHB Workneh Lagat
|
0-0: Ball 1-0: Ball Wild Pitch! Mark Cahill scores Mark Dearth to third Sam Spohn to second 2-0: Ground out 6-3 (Groundball, 6, EV 97.5 MPH)
|
Bottom of the 8th over - 1 run, 1 hit, 0 errors, 2 left on base; Montgomery 4 - Corpus Christi 4 |
TOP OF THE 9TH |
Montgomery Biscuits batting - Pitching for Corpus Christi Hooks : RHP Tommy Cunningham
|
Batting: RHB Roberto Aispuro
|
0-0: Ball 1-0: Swinging Strike 1-1: Ball 2-1: Called Strike 2-2: Ball 3-2: Strikes out looking
|
Batting: LHB Darryl Gonnella
|
0-0: Called Strike 0-1: Called Strike 0-2: Ball 1-2: Ball 2-2: Ball 3-2: Base on Balls
|
Batting: RHB Chris Thorson
|
0-0: Ball 1-0: Called Strike Darryl Gonnella steals 2nd, throwing error, E2 Darryl Gonnella to third 1-1: Ball 2-1: SINGLE (Groundball, 56, EV 103.1 MPH) Darryl Gonnella scores
|
Batting: SHB Joey Pacheco
|
0-0: Called Strike Chris Thorson is caught stealing 2nd base 2-6 0-1: Ball 1-1: Ball 2-1: Foul Ball, location: 2F 2-2: Foul Ball, location: 2F 2-2: Foul Ball, location: 2F 2-2: Ball 3-2: Base on Balls
|
Pitching: RHP Josh Willig
|
|
Batting: RHB Alex Diaz
|
0-0: Ball 1-0: Ball 2-0: Foul Ball, location: 2F 2-1: Foul Ball, location: 2F 2-2: Foul Ball, location: 2F 2-2: Ball 3-2: Ground out 5-3 (Groundball, 5D, EV 83.1 MPH)
|
Top of the 9th over - 1 run, 1 hit, 1 error, 1 left on base; Montgomery 5 - Corpus Christi 4 |
BOTTOM OF THE 9TH |
Corpus Christi Hooks batting - Pitching for Montgomery Biscuits : LHP Brian Kelly
|
Pitching: RHP David Breaux
|
|
Now at 2B: Khalil Walker
|
|
Batting: LHB Josh Birkner
|
0-0: Called Strike 0-1: Ball 1-1: Ground out 1-3 (Groundball, 15S, EV 66.2 MPH)
|
Pinch Hitting: LHB Mitchell Casey
|
0-0: Called Strike 0-1: Hit by Pitch
|
Pinch Hitting: SHB Dan Castaneda
|
0-0: SINGLE (Line Drive, 34D, EV 95.6 MPH) Mitchell Casey to second
|
Batting: LHB Bob Dietz
|
0-0: Foul Ball, location: 2F 0-1: Ball 1-1: Ball 2-1: Called Strike 2-2: Strikes out swinging
|
Batting: RHB Mark Cahill
|
0-0: Ball 1-0: Foul Ball, location: 2F 1-1: Ball 2-1: Ground out 6-3 (Groundball, P, EV 79.4 MPH)
|
Bottom of the 9th over - 0 runs, 1 hit, 0 errors, 2 left on base; Montgomery 5 - Corpus Christi 4 |
|